AoeStats
← Dr. Watson

Arena

510484561Analyzed
4v4 RM · 1d ago on Oct 1, 2026· 45m 39s· 8 players
Game mode
Random Map
Map size
Large (8 player)
Population
200
Speed
Normal
Resources
Standard
Victory
Conquest
Starting age
Dark Age
Ending age
Imperial Age
RankedLock teamsTeams togetherTeam positionsShared explorationLock speedFull tech treeHidden civsTurbo modeCheats
Victory
Defeat
🇨🇳 Slavs · China
1242
+14
🇹🇼 Khmer · Taiwan
1231
+14
🇨🇳 Spanish · China
1165
+17
🇹🇼 Poles · Taiwan
1143
+19
🇷🇺 Georgians · Russia
1209
-17
🇷🇺 Hindustanis · Russia
1202
-16
🇹🇷 Khmer · Türkiye
1191
-16
🇲🇽 Danes · Mexico
1174
-15
Enrique70
2:25 Loom
11:39 Feudal Age
15:56 Castle Age
13:51 Double-Bit Axe
14:29 Horse Collar
18:29 Loom
19:23 Bow Saw
19:51 Forging
21:06 Arson
21:27 Scale Mail Armor
22:34 Chain Mail Armor
22:54 Iron Casting
23:01 Iron Casting
25:04 Redemption
27:20 Heavy Plow
33:26 Wheelbarrow
36:56 Hand Cart
37:16 Hamask
44:12 Imperial Age
42:07 Gambesons
42:23 Squires
42:26 Pikeman
Dr. Watson
6:43 Loom
7:16 Loom
7:20 Loom
11:01 Feudal Age
11:53 Double-Bit Axe
17:45 Castle Age
16:00 Gold Mining
17:57 Horse Collar
18:10 Stone Mining
31:32 Imperial Age
30:35 Fletching
33:30 Heavy Scorpion
34:43 Double Crossbow
35:04 Conscription
35:45 Onager
36:33 Husbandry
36:43 Bloodlines
35:54 Light Cavalry
36:48 Bodkin Arrow
38:01 Ballistics
38:42 Chemistry
38:35 Bracer
39:29 Gold Shaft Mining
40:00 Scale Mail Armor
40:11 Forging
40:51 Pikeman
41:06 Hussar
41:12 Elite Battle Elephant
43:51 Halberdier
Top 1 IQ
11:29 Feudal Age
15:40 Castle Age
15:16 Double-Bit Axe
15:12 Horse Collar
15:51 Loom
18:12 Heavy Plow
19:15 Bow Saw
24:12 Bloodlines
24:22 Scale Barding Armor
26:50 Forging
26:57 Husbandry
27:13 Gold Mining
27:13 Stone Mining
30:28 Chain Barding Armor
31:01 Iron Casting
31:19 Wheelbarrow
32:25 Stone Shaft Mining
35:13 Imperial Age
34:41 Hand Cart
35:42 Elite Monaspa
36:43 Conscription
37:30 Plate Barding Armor
38:52 Blast Furnace
40:48 Aznauri Cavalry
41:37 Crop Rotation
41:29 Cavalier
43:27 Hoardings
43:24 Light Cavalry
John souls
10:25 Feudal Age
15:51 Castle Age
14:14 Double-Bit Axe
17:48 Loom
20:11 Wheelbarrow
21:58 Fletching
22:16 Padded Archer Armor
22:39 Horse Collar
23:36 Elite Skirmisher
34:13 Forging
34:09 Scale Barding Armor
38:42 Hand Cart
mothersky
10:55 Feudal Age
14:20 Castle Age
12:30 Double-Bit Axe
13:23 Horse Collar
13:47 Stone Mining
15:25 Bow Saw
19:33 Wheelbarrow
18:53 Gold Mining
20:10 Scale Barding Armor
22:02 Loom
25:25 Gold Shaft Mining
25:49 Chain Barding Armor
28:10 Ballistics
28:01 Husbandry
32:33 Imperial Age
34:14 Chemistry
33:40 Loom
34:24 Bloodlines
33:34 Light Cavalry
34:51 Double Crossbow
35:28 Forging
35:46 Hussar
37:44 Plate Barding Armor
37:45 Iron Casting
38:32 Hand Cart
39:42 Elite Ballista Elephant
41:54 Conscription
44:42 Blast Furnace
45:24 Hoardings
44:22 Sappers
44:58 Caravan
46:21 Masonry
tate
11:18 Feudal Age
15:47 Castle Age
14:17 Double-Bit Axe
14:42 Loom
17:00 Bow Saw
17:55 Wheelbarrow
30:43 Bloodlines
40:59 Imperial Age
39:20 Padded Archer Armor
41:31 Leather Archer Armor
42:44 Chemistry
42:41 Conscription
一杯冰美式
1:08 Loom
2:27 Loom
2:49 Loom
11:31 Feudal Age
13:04 Horse Collar
17:00 Castle Age
15:15 Double-Bit Axe
15:50 Gold Mining
17:24 Stone Mining
18:05 Bow Saw
17:59 Heavy Plow
19:27 Wheelbarrow
18:39 Town Watch
24:27 Hand Cart
28:00 Imperial Age
26:51 Szlachta Privileges
27:21 Forging
27:17 Scale Barding Armor
29:19 Iron Casting
29:07 Conscription
28:10 Cavalier
28:51 Husbandry
31:59 Chain Barding Armor
33:00 Blast Furnace
32:47 Crop Rotation
32:52 Bloodlines
xygogo
11:00 Feudal Age
11:56 Double-Bit Axe
15:08 Castle Age
13:58 Horse Collar
22:41 Bow Saw
22:36 Heavy Plow
23:35 Wheelbarrow
30:19 Imperial Age
27:38 Town Watch
27:39 Loom
27:46 Gold Mining
28:17 Fletching
28:06 Man-at-Arms
29:16 Detinets
29:26 Squires
29:33 Scale Barding Armor
29:31 Scale Mail Armor
30:19 Gold Shaft Mining
29:43 Stone Mining
29:35 Long Swordsman
30:54 Two-Handed Swordsman
31:52 Chain Mail Armor
33:37 Plate Mail Armor
33:17 Forging
33:31 Champion
36:06 Iron Casting
36:56 Druzhina
37:29 Hand Cart
37:52 Crop Rotation
38:23 Two-Man Saw
37:32 Capped Ram
38:40 Siege Ram
41:39 Bodkin Arrow
42:48 Blast Furnace
41:45 Bodkin Arrow
42:36 Conscription
43:21 Scale Barding Armor
44:42 Coinage
Connection lost

Rejoining the realm…

Still unreachable

The connection could not be restored.

Session expired

The server has moved on; the page needs a fresh start.